 Dungeon Crawl Stone Soup version 0.29.1-15-g9cfb28693d (webtiles) character file.

Game seed: 5941700591028593166

1952 hawla the Thaumaturge (level 9, -13/67 HPs)
             Began as a Meteoran Fire Elementalist on Mar 2, 2023.
             Was a Follower of Vehumet.
             Mangled by an orc warrior
             ... wielding a +0 halberd
              (14 damage)
             ... on level 7 of the Dungeon.
             The game lasted 00:13:18 (2935 turns).

hawla the Thaumaturge (Meteoran Fire Elementalist)  Turns: 2935, Time: 00:13:19

Health: -13/67     AC:  5    Str:  9    XL:     9   Next: 69%
Magic:  14/23      EV: 13    Int: 21    God:    Vehumet [*.....]
Gold:   273        SH:  0    Dex: 16    Spells: 19/26 levels left

rFire   + . .      SeeInvis .   (no weapon)
rCold   + . .      Faith    .   (no shield)
rNeg    . . .      Spirit   .   k - +0 robe {rC+}
rPois   +          Reflect  .   (no helmet)
rElec   .          Harm     .   j - +1 cloak
rCorr   .          Rampage  .   g - +0 pair of gloves
Will    +....                   (no boots)
Stlth   +.........              (no amulet)
HPRegen 0.21/turn               e - ring of protection from fire
MPRegen 0.18/turn               b - ring of poison resistance

@: glowing
A: sense surroundings 2, otherworldly, glowing, explore regen
a: Renounce Religion


You were on level 7 of the Dungeon.
You worshipped Vehumet.
Vehumet was aware of your devotion.
You visited 2 branches of the dungeon, and saw 9 of its levels.

You collected 273 gold pieces.

Inventory:

Armour
 g - a +0 pair of gloves (worn)
 j - a +1 cloak (worn)
 k - a +0 robe of cold resistance (worn)
Jewellery
 b - a ring of poison resistance (right hand)
 e - a ring of protection from fire (left hand)
Scrolls
 c - 4 scrolls of teleportation
 i - a scroll of vulnerability
 l - a scroll of blinking
 m - a scroll of amnesia {unknown}
Potions
 a - a potion of cancellation
 d - a potion of resistance {unknown}
 f - 2 potions of might
 h - 2 potions of curing
 o - a potion of berserk rage


   Skills:
 + Level 1.9 Fighting
 + Level 3.9 Dodging
 - Level 1.4 Stealth
 + Level 9.0 Spellcasting
 + Level 7.0 Conjurations
 + Level 8.5 Fire Magic


You had 19 spell levels left.
You knew the following spells:

 Your Spells              Type           Power      Damage    Failure   Level
a - Foxfire               Conj/Fire      100%       2x1d9     1%          1
b - Scorch                Fire           90%        2d10      1%          2
c - Flame Wave            Conj/Fire      42%        2d11      3%          4

Your spell library contained the following spells:

 Spells                   Type           Power      Damage    Failure   Level
 Freeze                   Ice            36%        1d6       7%          1
 Magic Dart               Conj           100%       1d8       1%          1
 Searing Ray              Conj           76%        2d7       1%          2
 Conjure Flame            Conj/Fire      42%        6-21      1%          3
 Inner Flame              Hex/Fire       27%        N/A       3%          3
 Fulminant Prism          Conj/Hex       12%        3d9       17%         4
 Leda's Liquefaction      Hex/Erth       4%         N/A       56%         4
 Lee's Rapid Deconstruct  Erth           4%         3d6*      89%         5
 Statue Form              Tmut/Erth      6%         N/A       100%        6


Dungeon Overview and Level Annotations

Branches:
Dungeon (8/15) Zot: 2110   Temple (1/1) D:5 Zot: 350
   Lair: D:8-11

Altars:
Ashenzari
Cheibriados
Dithmenos
Elyvilon
Fedhas
Gozag
Hepliaklqana
Kikubaaqudgha
Makhleb
Okawaru
Qazlal
Ru
Sif Muna
Trog
Uskayaw
Vehumet
Wu Jian
Xom
Yredelemnul
Zin
The Shining One


Innate Abilities, Weirdness & Mutations

You passively map the area around you.
You are easily found by Zot.
You glow in the dark.
You regain HP and MP as you explore.


Message History

The orc wizard hits you but does no damage.
The orc warrior hits you from afar with a +0 halberd!
The orc wizard hits you with a +0 dagger.
A wave of flame ripples out!
The flame wave engulfs the orc wizard!
You kill the orc wizard!
Vehumet accepts your kill.
The flame wave engulfs the orc wizard!
You kill the orc wizard!
Vehumet accepts your kill.
The flame wave engulfs the orc warrior.
The orc warrior is lightly wounded.
The flame wave engulfs the orc.
The orc is severely wounded.
The orc warrior hits you from afar with a +0 halberd!
Your Spellcasting skill increases to level 9!
A wave of flame ripples out!
The flame wave engulfs the orc.
You kill the orc!
Vehumet accepts your kill.
The flame wave engulfs the orc warrior.
The orc warrior is moderately wounded.
The flame wave engulfs the centaur!
The centaur is severely wounded.
You finish channelling waves of flame.
The orc warrior hits you from afar with a +0 halberd!
* * * LOW HITPOINT WARNING * * *
Unknown command.
Casting: Flame Wave (dangerous; 3% risk of failure)
Confirm with . or Enter, or press ? or * to list all spells.
Flames lash the centaur.
The centaur is almost dead.
The centaur's fire resistance burns away.
The orc warrior hits you from afar with a +0 halberd!
* * * LOW HITPOINT WARNING * * *
The centaur wields a +0 shortbow.
The centaur shoots an arrow.
The arrow hits you.
* * * LOW HITPOINT WARNING * * *
You feel better.
The centaur shoots an arrow.
The arrow hits you!
* * * LOW HITPOINT WARNING * * *
The orc warrior hits you from afar with a +0 halberd!
You die...

#......)..#.#
#.#
#..>..####
#.........#.#
#.#
##.##.....
###########
#.# #. ######
, #.# #. * ,
* #.# ##**,*
#.#*,.. , ,
#.###.##.## *
* *
#.....)o..# *
* #####@)c..#
* * #####..!(
, ###


You could see an orc warrior and a centaur (combustible).

Vanquished Creatures
  Eustachio (D:4)
  An orc warrior (D:8)
  A sky beast (D:5)
  A black bear (D:5)
  An ice beast (D:8)
  A centaur (D:7)
  A bullfrog (D:7)
  3 scorpions
  A necrophage (D:4)
  9 wights
  A hound (D:5)
  A jelly (D:4)
  4 orc priests
  2 gnoll boudas
  2 iguanas
  4 orc wizards
  8 gnolls
  5 adders
  A worm (D:3)
  A dart slug (D:4)
  28 orcs
  5 endoplasms
  A giant cockroach (D:1)
  5 goblins
  3 hobgoblins
  5 kobolds
  4 quokkas
  3 ball pythons
  A rat (D:3)
104 creatures vanquished.

Vanquished Creatures (others)
  226 foxfires
226 creatures vanquished.

Grand Total: 330 creatures vanquished

Notes
Turn   | Place    | Note
-------+----------+-------------------------------------------
     0 | D:1      | hawla the Meteoran Fire Elementalist began the quest for
                  | the Orb.
     0 | D:1      | Reached XP level 1. HP: 14/14 MP: 5/5
    73 | D:1      | Reached XP level 2. HP: 20/20 MP: 3/6
   184 | D:1      | You fall into a shaft and drop 1 floor!
   377 | D:3      | Reached skill level 3 in Spellcasting
   397 | D:4      | Reached XP level 3. HP: 16/26 MP: 3/8
   564 | D:3      | Found a bloodstained altar of Trog.
   603 | D:3      | Reached XP level 4. HP: 20/33 MP: 4/10
   606 | D:3      | Learned a level 2 spell: Scorch
   639 | D:3      | Reached XP level 5. HP: 14/38 MP: 8/11
   775 | D:4      | Reached skill level 5 in Fire Magic
   791 | D:4      | Noticed a necrophage
   796 | D:4      | Killed a necrophage
   797 | D:4      | Reached skill level 4 in Spellcasting
   797 | D:4      | Reached XP level 6. HP: 45/45 MP: 4/13
   817 | D:3      | Learned a level 4 spell: Flame Wave
  1188 | D:4      | Reached XP level 7. HP: 39/51 MP: 9/14
  1253 | D:4      | Reached skill level 5 in Conjurations
  1432 | D:4      | Reached skill level 1 in Fighting
  1461 | D:4      | Noticed Eustachio
  1506 | D:4      | Found an iron altar of Okawaru.
  1506 | D:4      | Found a basalt altar of Yredelemnul.
  1508 | D:4      | Found a broken altar of Ashenzari.
  1517 | D:4      | Found a glowing golden altar of the Shining One.
  1518 | D:4      | Found a sacrificial altar of Ru.
  1518 | D:4      | Found a white marble altar of Elyvilon.
  1518 | D:4      | Found a snail-covered altar of Cheibriados.
  1518 | D:4      | Found a shimmering altar of Xom.
  1519 | D:4      | Found a hide-covered altar of Uskayaw.
  1520 | D:4      | Found an ornate altar of the Wu Jian Council.
  1521 | D:4      | Found a hazy altar of Hepliaklqana.
  1523 | D:4      | Found an opulent altar of Gozag.
  1528 | D:4      | Killed Eustachio
  1529 | D:4      | Reached skill level 5 in Spellcasting
  1529 | D:4      | Reached XP level 8. HP: 32/59 MP: 3/16
  1688 | D:5      | Entered Level 5 of the Dungeon
  2018 | D:5      | Reached skill level 6 in Spellcasting
  2120 | D:5      | Found a staircase to the Ecumenical Temple.
  2126 | Temple   | Entered the Ecumenical Temple
  2351 | Temple   | Became a worshipper of Vehumet
  2523 | D:7      | Gained mutation: You passively map the area around you.
                  | [Meteoran growth]
  2523 | D:7      | Reached XP level 9. HP: 63/67 MP: 14/20
  2609 | D:7      | Reached skill level 7 in Spellcasting
  2781 | D:8      | Reached skill level 8 in Spellcasting
  2867 | D:8      | Reached * piety under Vehumet
  2867 | D:8      | Offered knowledge of Freeze by Vehumet.
  2933 | D:7      | Reached skill level 9 in Spellcasting
  2935 | D:7      | HP: 1/67 [centaur/arrow (11)]
  2935 | D:7      | Mangled by an orc warrior

Illustrated notes

Levels and vault maps discovered:
D:1:      lightli_arrival_statuegarden, layout_rooms,
          hellmonk_ecumenical_altar_heavens_door
D:2:      layout_basic
D:3:      layout_loops_ring, trog_three_pillars_becter, hangedman_decor_lopped
D:4:      layout_cave_pools, minitemple, uniq_eustachio
D:5:      layout_loops_ring, minmay_temple_entry_overgrown, nicolae_titane,
          uniq_crazy_yiuf_cottage, uniq_edmund
D:6:      layout_loops_corners, mainiacjoe_overflow_surrounded_room
D:7:      layout_loops_ring
D:8:      layout_loops_ring, minmay_circle_x, uniq_maurice
Temple:   nicolae_temple_bog_church

Skill      XL: |  1  2  3  4  5  6  7  8  9 |
---------------+----------------------------+-----
Fire Magic     | 4 5 6 7 8 |  8.5
Spellcasting   | 3 4 5 6 9 |  9.0
Conjurations   | 2 3 4 5 6 7 |  7.0
Dodging        | 3 |  3.9
Fighting       | 1 |  1.9
Stealth        | |  1.4

Action                   |  1- 3 |  4- 6 |  7- 9 || total
-------------------------+-------+-------+-------++-------
Melee: Unarmed           |     9 |     8 |    10 ||    27
 Cast: Foxfire           |    48 |    19 |    67 ||   134
       Scorch            |       |    10 |    43 ||    53
       Flame Wave        |       |     2 |    11 ||    13
  Use: Scroll            |     6 |       |     6 ||    12
       Potion            |       |     1 |     4 ||     5
Armor: Robe              |     7 |     1 |    22 ||    30
Dodge: Dodged            |    17 |    14 |    41 ||    72
